[Event "*** Titled Tuesday Blitz"]
[Site "Chess.com"]
[Date "2019.06.04"]
[Round "9"]
[White "ethylalcohol"]
[Black "GameOverBro"]
[Result "1/2-1/2"]
[WhiteElo "2027"]
[BlackElo "2432"]
[TimeControl "180+2"]
[EndTime "15:09:55 PDT"]
[Termination "Game drawn - insufficient material"]

1. d4 Nc6 2. Nf3 Nb8 3. e4 Nf6 4. e5 Ng8 5. Bd3 a6 6. O-O b6 7.
c4 c6 8. d5 b5 9. b3 Bb7 10.
Nc3 b4 11. dxc6 Nxc6 12. Ne4 Qa5 13. Bb2 Nh6 14. a3 Rd8 15. Re1 e6 16. axb4 Qxb4 17. Ba3 Qb6 18. Nd6+ Bxd6 19. Bxd6 f5 20. exf6 gxf6 21.
Qd2 Nf7 22. c5 Qb4 23. Qe3 Nxd6 24. cxd6 Qxd6 25. Bxa6 Bxa6 26. Rxa6 Ke7 27. Ra4 Rdg8 28. Nh4 Kf7 29. Qh6 Ne5 30. Qh5+ Ke7 31. f4 Qc5+ 32. Kh1 Qf2 33. Raa1 Qxf4 34. Rf1 Qg5 35. Qxg5 Rxg5 36. Nf3 Nxf3 37. Rxf3 Rb8 38. Ra7 Rd5 39. h3 h5 40. Rg3 Rg5 41. Rd3 Rd8 42. b4 Rb5 43.
Ra4 Rdb8 44. Ra7 R8b7 45. Rxb7 Rxb7 46. Rd4 e5 47. Rc4 d5 48. Rh4 d4 49. Kg1 Rxb4 50.
Rxh5 d3 51. Kf2 d2 52. Ke2 Rd4 53. Kd1 e4 54. Rf5 e3 55. Rf1 f5 56. g3 Ke6 57. h4 Ke5 58. Ke2 Ke4 59. Rf4+ Ke5 60. Rf1 Re4 61. Ra1 Kf6 62. Ra6+ Kg7 63. Rb6 f4 64.
gxf4 Rxf4 65. Rd6 Rf2+ 66. Kxe3 Rh2 67. Rxd2 Rxh4 68. Rd7+ Kf6 69. Rd4 Rh3+ 70. Ke4 Ke6 71. Rd3 Rh4+ 72. Ke3 Ke5 73. Rd2 Rh3+ 74. Kf2 Kf4 75.
Rd4+ Ke5 76. Rb4 Rc3 77. Ra4 Kd5 78. Rh4 Kc5 79. Rg4 Rc2+ 80. Ke3 Rc3+ 81. Kd2 Rh3 82.
Rf4 Kd5 83. Rg4 Ke5 84. Rb4 Rf3 85. Ra4 Rf4 86. Rxf4 Kxf4 1/2-1/2

[Event "*** Titled Tuesday Blitz"]
[Site "Chess.com"]
[Date "2019.06.04"]
[Round "9"]
[White "ruvat"]
[Black "RaphCamora"]
[Result "1/2-1/2"]
[WhiteElo "2382"]
[BlackElo "2439"]
[TimeControl "180+2"]
[EndTime "15:11:10 PDT"]
[Termination "Game drawn by agreement"]

1. d4 d5 2. c4 c6 3. Nf3 Nf6 4. Qc2 g6 5. Bf4 Bf5 6. Qb3 Qb6 7. e3 Bg7 8. Nc3 O-O 9. h3 Nbd7 10. c5 Qxb3 11. axb3 h6 12. b4 a6 13. Rg1 g5 14.
Bh2 Ne4 15. g4 Bg6 16. h4 Rae8 17. hxg5 Nxg5 18. Nxg5 hxg5 19. Kd2 e5 20. Ne2 f6 21. f3 Rf7 22. Bg3 Rfe7 23. Bf2 Nf8 24. Kc3 Ne6 25. Rd1 Nc7 26. Ng3 Kf7 27. Nf5 Bxf5 28. gxf5 Rh8 29. Kd3 Rh2 30. Rg2 e4+ 31. fxe4 dxe4+ 32. Kc2 Rxg2 33. Bxg2 Nd5 34. Kb3 g4 35. Rh1 Re8 36.
Rh4 g3 37. Bg1 Rh8 38. Rxh8 Bxh8 39. Bxe4 Bg7 40. Kc4 Nc7 41. Bf3 Bh6 42. e4 Bd2 43. b3 Bf4 44. Bg2 Ke7 45. Kd3 Nb5 46. Be3 Bc7 47. Ke2 Kf7 48. d5 cxd5 49. exd5 Be5 50. Kd3 Ke8 51. d6 Bxd6 52. cxd6 Nxd6 53. Bxb7 Nxb7 54.
Ke4 Nd6+ 55. Kf4 g2 56. Kf3 Nxf5 57. Bg1 Ne7 58. Kxg2 Nd5 59. Bc5 Kd7 60. Kf3 Kc6 61. Bd4 f5 62. Be5 Kb5 63. Bd6 Nxb4 64. Kf4 Nc6 65.
Kxf5 Nd4+ 66. Ke4 Nxb3 67. Kd3 Na5 68. Kc2 Nc4 69. Be7 a5 70. Kb3 a4+ 71. Ka2 Nb6 72. Ba3 Nd5 73. Bb2 Kb4 74. Ba3+ Kc3 75. Bb2+ Kb4 76.
Ba3+ Kc4 77. Bb2 Kb5 78. Ba1 Nb4+ 79. Kb2 Kc4 80. Ka3 Kb5 81. Bc3 Nc2+ 82. Kb2 Ne3 83. Bd4 Nc4+ 84. Ka2 Kb4 85. Bg7 Ne3 86. Bf8+ Kb5 87.
Ka3 Nd1 88. Ka2 Nc3+ 89. Ka3 Ne4 90. Ka2 Ng5 91. Ka3 Ne6 92. Be7 Nd4 93. Ka2 Nc6 94. Bf8 Na5 95. Ka3 Nc4+ 96. Ka2 Kc6 97. Be7 Kd5 98.
Bf8 Ke4 99. Be7 Kd3 100. Bf8 Kc2 101. Be7 1/2-1/2

[Event "*** Titled Tuesday Blitz"]
[Site "Chess.com"]
[Date "2019.06.04"]
[Round "10"]
[White "velemajstor767276"]
[Black "Tacticalon"]
[Result "1/2-1/2"]
[WhiteElo "2553"]
[BlackElo "2737"]
[TimeControl "180+2"]
[EndTime "15:13:35 PDT"]
[Termination "Game drawn by agreement"]

1. d4 d5 2. c4 c6 3. Nc3 Nf6 4. Nf3 e6 5. Bg5 h6 6. Bxf6 Qxf6 7. Qb3 dxc4 8. Qxc4 Nd7 9. e4 e5 10. dxe5 Nxe5 11.
Nxe5 Qxe5 1/2-1/2

[Event "*** Titled Tuesday Blitz"]
[Site "Chess.com"]
[Date "2019.06.04"]
[Round "10"]
[White "jamengrand"]
[Black "europa2012"]
[Result "1-0"]
[WhiteElo "2148"]
[BlackElo "2150"]
[TimeControl "180+2"]
[EndTime "15:14:26 PDT"]
[Termination "jamengrand won by resignation"]

1. e4 e6 2. d4 d5 3. Nc3 Nf6 4. e5 Nfd7 5. f4 c5 6. Nf3 Nc6 7. Ne2 a6 8. c3 b5 9. h4 Be7 10. Rh3 a5 11. Be3 b4 12. Kf2 Ba6 13. Kg1 Qb6 14. f5 exf5 15. Nf4 Bxf1 16. Qxf1 cxd4 17. cxd4 Qb7 18. e6 fxe6 19. Nxe6 Bf6 20.
Rc1 Kf7 21. Nfg5+ Bxg5 22. Nxg5+ Kg8 23. Qxf5 Nf8 24. Rxc6 1-0

[Event "*** Titled Tuesday Blitz"]
[Site "Chess.com"]
[Date "2019.06.04"]
[Round "10"]
[White "Shivagami"]
[Black "Fins0905"]
[Result "0-1"]
[WhiteElo "2085"]
[BlackElo "2644"]
[TimeControl "180+2"]
[EndTime "15:15:09 PDT"]
[Termination "Fins0905 won by resignation"]

1. d4 d5 2. Bf4 c5 3. e3 cxd4 4. exd4 Nc6 5. c3 Nf6 6. Nd2 Bf5 7.
Ngf3 e6 8. Qb3 Bd6 9. Qxb7 Bxf4 10. Qxc6+ Kf8 11. Ne5 g5 12. Ba6 g4 13. Bb7 Rb8 14. Qc5+ Kg7 15. Nc6 Qc7 16. Na5 Bxd2+ 17. Kxd2 Ne4+ 0-1

[Event "*** Titled Tuesday Blitz"]
[Site "Chess.com"]
[Date "2019.06.04"]
[Round "10"]
[White "Eliwood44"]
[Black "nitpicker"]
[Result "0-1"]
[WhiteElo "2339"]
[BlackElo "2227"]
[TimeControl "180+2"]
[EndTime "15:15:19 PDT"]
[Termination "nitpicker won by resignation"]

1. d4 Nf6 2. Nf3 b6 3. Bg5 e6 4. e4 h6 5. Bxf6 Qxf6 6. Bd3 g6 7. e5 Qe7 8. Nbd2 Bb7 9. Qe2 Bg7 10. c3 d6 11. O-O Nd7 12. a4 a5 13. Rfe1 d5 14. c4 O-O 15. cxd5 Bxd5 16. Rac1 c5 17.
Ne4 cxd4 18. Rc7 Qd8 19. Rec1 Nxe5 20. Nxe5 Bxe5 21. R7c2 Bg7 22. h4 Qxh4 0-1

[Event "*** Titled Tuesday Blitz"]
[Site "Chess.com"]
[Date "2019.06.04"]
[Round "10"]
[White "Ginger_GM"]
[Black "Alexander_Moskalenko"]
[Result "0-1"]
[WhiteElo "2552"]
[BlackElo "2882"]
[TimeControl "180+2"]
[EndTime "15:15:39 PDT"]
[Termination "Alexander_Moskalenko won by resignation"]

1. g4 e6 2. h4 d5 3. g5 a5 4. d4 a4 5. c4 c5 6. cxd5 exd5 7.
e4 dxe4 8. d5 f5 9. Nc3 a3 10.
Nh3 Bd6 11. bxa3 Be5 12. Bb2 Rxa3 13. Bb5+ Bd7 14. Bxd7+ Nxd7 15. Bxa3 Bxc3+ 16. Kf1 Qa5 17. Rb1 Qxa3 18. Rxb7 Qa6+ 0-1

[Event "*** Titled Tuesday Blitz"]
[Site "Chess.com"]
[Date "2019.06.04"]
[Round "10"]
[White "mouseWLZ"]
[Black "jefferyx"]
[Result "0-1"]
[WhiteElo "2776"]
[BlackElo "2929"]
[TimeControl "180+2"]
[EndTime "15:16:09 PDT"]
[Termination "jefferyx won by resignation"]

1. d4 Nf6 2. Bf4 d5 3. e3 Bf5 4. Nf3 e6 5. Nbd2 Be7 6. c4 O-O 7. h3 c5 8. Be2 Nc6 9. cxd5 Nxd5 10. dxc5 Bxc5 11. Bg3 Bxe3 12. fxe3 Nxe3 13. Qb3 Nc2+ 14. Kf2 N6d4 15. Qxb7 Nxe2 16. Kxe2 Qd3+ 17. Kd1 Nxa1 18. Re1 Rac8 19. Bc7 Qc2+ 20. Ke2 Rxc7 0-1

[Event "*** Titled Tuesday Blitz"]
[Site "Chess.com"]
[Date "2019.06.04"]
[Round "10"]
[White "PNEPaul"]
[Black "Marcus_Harvey"]
[Result "0-1"]
[WhiteElo "1840"]
[BlackElo "2581"]
[TimeControl "180+2"]
[EndTime "15:16:18 PDT"]
[Termination "Marcus_Harvey won by resignation"]

1. e4 c5 2. d4 cxd4 3. c3 dxc3 4. Nxc3 Nc6 5. Nf3 d6 6. Bc4 e6 7. Qe2 a6 8. a3 b5 9. Ba2 Nf6 10. O-O Be7 11. Bg5 h6 12. Bh4 Nd7 13. Bxe7 Qxe7 14.
Rfd1 Nde5 15. Nxe5 dxe5 16. Rac1 Nd4 17. Qe3 O-O 18.
f4 f6 19. f5 Ra7 20. Ne2 Nxe2+ 21. Qxe2 Kh8 22. Qg4 exf5 23. exf5 Rd7 24. Rxd7 Bxd7 25.
Re1 a5 26. h4 b4 27. axb4 Qxb4 28. Rd1 Qxg4 0-1

[Event "*** Titled Tuesday Blitz"]
[Site "Chess.com"]
[Date "2019.06.04"]
[Round "10"]
[White "pultineviciuspaulius"]
[Black "NateSolon"]
[Result "1-0"]
[WhiteElo "2718"]
[BlackElo "2506"]
[TimeControl "180+2"]
[EndTime "15:16:19 PDT"]
[Termination "pultineviciuspaulius won by checkmate"]

1. b3 d5 2. Bb2 Bg4 3. Nf3 Nd7 4. e3 e6 5. Be2 Ngf6 6. O-O Bd6 7. d3 O-O 8. h3 Bh5 9. Nbd2 Qe7 10. e4 dxe4 11.
dxe4 e5 12. Nh4 Bg6 13. Nxg6 hxg6 14. Bd3 Nc5 15. Qe2 c6 16. Bc4 b5 17. Bd3 Ne6 18. a4 a6 19. g3 Nd7 20. Kg2 Ndc5 21. h4 Rfd8 22. Rh1 Nxd3 23. cxd3 Bc7 24. h5 Nc5 25. hxg6 fxg6 26. Ba3 Bd6 27. Bxc5 Bxc5 28. Qg4 Qf6 29. Nf3 Rxd3 30. Ra2 Rf8 31. Ng5 Rxb3 32. Rh8+ Kxh8 33. Qh3+ Kg8 34. Qh7# 1-0

[Event "*** Titled Tuesday Blitz"]
[Site "Chess.com"]
[Date "2019.06.04"]
[Round "10"]
[White "LastHeroJr"]
[Black "JMatias"]
[Result "1-0"]
[WhiteElo "2516"]
[BlackElo "2428"]
[TimeControl "180+2"]
[EndTime "15:16:30 PDT"]
[Termination "LastHeroJr won on time"]

1. e4 c5 2. Nf3 d6 3. Bb5+ Nc6 4.
O-O Bg4 5. h3 Bxf3 6. Qxf3 Rc8 7. c3 Nf6 8. d4 cxd4 9. cxd4 a6 10. Bxc6+ bxc6 11. e5 Nd5 12. Nd2 e6 13. Ne4 Be7 14. Qg3 Kf8 15. exd6 Bf6 16. Be3 1-0

[Event "*** Titled Tuesday Blitz"]
[Site "Chess.com"]
[Date "2019.06.04"]
[Round "10"]
[White "jacky72"]
[Black "Keithonsky"]
[Result "1-0"]
[WhiteElo "2724"]
[BlackElo "2514"]
[TimeControl "180+2"]
[EndTime "15:16:31 PDT"]
[Termination "jacky72 won by resignation"]

1. d4 Nf6 2. c4 g6 3. Nc3 Bg7 4. e4 d6 5. Be2 O-O 6. Bg5 h6 7.
Be3 c5 8. d5 b5 9. cxb5 a6 10. a4 Qa5 11. Bd2 Qd8 12. Nf3 axb5 13. axb5 Rxa1 14. Qxa1 Nbd7 15. O-O Nb6 16. Qa7 Bg4 17.
Ra1 e6 18. dxe6 fxe6 19. h3 Bxf3 20. Bxf3 Nfd7 21. Ra6 Bd4 22. Nd1 Nc4 23. Bc3 Nde5 24. Be2 Bxc3 25. bxc3 Qh4 26. Qb7 Nd2 27. Ra7 Rf7 28.
Qc8+ Kg7 29. Ra8 g5 30. Qh8+ Kg6 31. Rg8+ 1-0

[Event "*** Titled Tuesday Blitz"]
[Site "Chess.com"]
[Date "2019.06.04"]
[Round "10"]
[White "ChessWeebs"]
[Black "VerdeNotte"]
[Result "1/2-1/2"]
[WhiteElo "2777"]
[BlackElo "2787"]
[TimeControl "180+2"]
[EndTime "15:16:38 PDT"]
[Termination "Game drawn by repetition"]

1. d4 Nf6 2. c4 g6 3. Nf3 Bg7 4.
g3 d6 5. Bg2 O-O 6. Nc3 c5 7.
O-O Nc6 8. dxc5 dxc5 9. Be3 b6 10.
Ne5 Nxe5 11. Bxa8 Nxc4 12. Bc1 Bh3 13. Bg2 Qc8 14. Qc2 Bxg2 15. Kxg2 b5 16. f3 Qb7 17. Rd1 Ng4 18. Rd3 Nge5 19. Rd1 Ng4 20. Rd3 Bd4 21.
Nd1 Nge5 22. Rb3 Na5 23. Ra3 Nac4 24. Rb3 Na5 25. Ra3 Nec4 26. Rd3 Ne5 27. Ra3 1/2-1/2

[Event "*** Titled Tuesday Blitz"]
[Site "Chess.com"]
[Date "2019.06.04"]
[Round "10"]
[White "bugsbunny444"]
[Black "vohiraa"]
[Result "1-0"]
[WhiteElo "2475"]
[BlackElo "2300"]
[TimeControl "180+2"]
[EndTime "15:17:02 PDT"]
[Termination "bugsbunny444 won by resignation"]

1. Nf3 d5 2. c4 c6 3. g3 Nf6 4. Bg2 Bf5 5. cxd5 cxd5 6. Qb3 Qb6 7. Nc3 Qxb3 8. axb3 Nc6 9. O-O e6 10. d3 h6 11. Be3 Be7 12. Nd4 Nxd4 13. Bxd4 O-O 14.
Bxa7 Rfc8 15. e4 dxe4 16. dxe4 Bh7 17. e5 Nd5 18. Nxd5 exd5 19. Bxd5 Bd3 20. Rfd1 Ba6 21.
Rxa6 bxa6 22. Bxa8 Rxa8 23. Rd7 Bb4 24. Rb7 a5 25.
Rb8+ Rxb8 26. Bxb8 Kf8 27. Kg2 Ke8 28. Kf3 Kd7 29. Ke4 Ke6 30. f4 g6 31. g4 h5 32.
f5+ Kd7 33. e6+ Ke7 34. exf7 Kxf7 35. gxh5 gxh5 36. Be5 h4 37. h3 Ke7 38. Bc3 Bd6 39.
Bxa5 Kf6 40. Bd8+ Kf7 41. Bxh4 Bb4 42. Bg5 Bc5 43. h4 Bb4 44. h5 Bc5 45. Bd2 Bb4 46. Bxb4 1-0

[Event "*** Titled Tuesday Blitz"]
[Site "Chess.com"]
[Date "2019.06.04"]
[Round "10"]
[White "BillForster"]
[Black "aquaticpineapples"]
[Result "0-1"]
[WhiteElo "1754"]
[BlackElo "2153"]
[TimeControl "180+2"]
[EndTime "15:17:03 PDT"]
[Termination "aquaticpineapples won by resignation"]

1. d4 d5 2. c4 e6 3. Nc3 Nf6 4. cxd5 exd5 5. Bg5 Be7 6. e3 O-O 7. Bd3 c6 8. Qc2 h6 9. Bxf6 Bxf6 10. b4 a5 11. Rb1 axb4 12. Rxb4 Na6 13. Rb1 Qd6 14. Nf3 Nb4 15. Qd2 Nxd3+ 16. Qxd3 b5 17. Qc2 b4 18. Ne2 Ba6 19. O-O Bc4 20.
Rb2 Ra3 21. Rfb1 Rfa8 22. Rxb4 Rxa2 23. R4b2 Rxb2 24. Qxb2 Ra2 25. Qb8+ Qxb8 26. Rxb8+ Kh7 27. Nc3 Rc2 0-1

[Event "*** Titled Tuesday Blitz"]
[Site "Chess.com"]
[Date "2019.06.04"]
[Round "10"]
[White "Swarnapuri"]
[Black "volcanoexplorer"]
[Result "1-0"]
[WhiteElo "2712"]
[BlackElo "2603"]
[TimeControl "180+2"]
[EndTime "15:17:08 PDT"]
[Termination "Swarnapuri won by resignation"]

1. d4 Nf6 2. Bf4 e6 3. e3 d6 4.
Nf3 g6 5. Be2 Bg7 6. h3 O-O 7. O-O Nc6 8. c4 Nd7 9. Nc3 e5 10. Bh2 f5 11. Rc1 e4 12. Nd2 Nf6 13. Nb3 Bd7 14. d5 Ne5 15. c5 Qe7 16. cxd6 cxd6 17. Nd4 g5 18. Qb3 b6 19. Nc6 Bxc6 20. dxc6+ Kh8 21. Rfd1 Rfd8 22. Nb5 Rac8 23. Nd4 d5 24. Nxf5 Qe6 25. Nd4 Qe8 26. c7 Rd6 27. Ba6 Nfd7 28. Bxc8 Qxc8 29. Nb5 Rc6 30. Nxa7 Qxc7 31.
Nxc6 Nc5 32. Rxc5 bxc5 33. Qxd5 1-0

[Event "*** Titled Tuesday Blitz"]
[Site "Chess.com"]
[Date "2019.06.04"]
[Round "10"]
[White "HanSchut"]
[Black "RU_B9"]
[Result "1-0"]
[WhiteElo "2195"]
[BlackElo "2060"]
[TimeControl "180+2"]
[EndTime "15:17:11 PDT"]
[Termination "HanSchut won by resignation"]

1. e4 e6 2. d4 d5 3. Nd2 Nf6 4. e5 Nfd7 5. f4 c5 6. c3 Nc6 7. Ndf3 Qb6 8. a3 a5 9. b3 Be7 10. h4 h6 11. h5 O-O 12. Bd3 f6 13. Ne2 fxe5 14. fxe5 cxd4 15. cxd4 Rxf3 16. gxf3 Kh8 17. Bc2 Nf8 18. Qd3 Bd7 19. Be3 Rc8 20. Nf4 Be8 21. Nxe6 1-0

[Event "*** Titled Tuesday Blitz"]
[Site "Chess.com"]
[Date "2019.06.04"]
[Round "10"]
[White "Anaiy"]
[Black "BvsN"]
[Result "0-1"]
[WhiteElo "1992"]
[BlackElo "2287"]
[TimeControl "180+2"]
[EndTime "15:17:12 PDT"]
[Termination "BvsN won by checkmate"]

1. d4 d5 2. c4 c6 3. Nc3 Nf6 4. e3 e6 5. Bd3 Nbd7 6. Nf3 dxc4 7. Bxc4 b5 8. Bd3 Bd6 9. O-O O-O 10. a3 Bb7 11. e4 e5 12. h3 Re8 13. Bg5 a6 14.
Bc2 h6 15. Bh4 exd4 16. Nxd4 Ne5 17. Nf5 Bf8 18. Qxd8 Raxd8 19. f4 Ng6 20. e5 Nxh4 21.
Nxh4 Rd2 22. Bf5 Nh5 23. g4 Bc5+ 24. Kh1 Ng3# 0-1

[Event "*** Titled Tuesday Blitz"]
[Site "Chess.com"]
[Date "2019.06.04"]
[Round "10"]
[White "RojonR"]
[Black "FMJoseHerrera"]
[Result "0-1"]
[WhiteElo "2404"]
[BlackElo "2602"]
[TimeControl "180+2"]
[EndTime "15:17:15 PDT"]
[Termination "FMJoseHerrera won by resignation"]

1. e4 c5 2. Nf3 e6 3. d4 cxd4 4. Qxd4 a6 5. a3 Qc7 6. Be2 d6 7. O-O Nf6 8. c4 Nbd7 9. Nc3 b6 10. h3 Bb7 11. Be3 Be7 12. Rfd1 O-O 13. Rac1 Rac8 14.
b4 Rfe8 15. Nd2 Qb8 16. Na4 Bd8 17. f3 Bc7 18. Nb3 d5 19. cxd5 exd5 20. exd5 Nxd5 21. Bc4 Be5 22. Qd3 Rxc4 23. Rxc4 Nxe3 24. Qxd7 Nxc4 25. Rc1 Rd8 26. Qg4 Ne3 27. Qg5 Bf4 28.
Qf5 Nxf5 0-1

[Event "*** Titled Tuesday Blitz"]
[Site "Chess.com"]
[Date "2019.06.04"]
[Round "10"]
[White "PaulfromSPb"]
[Black "fm_magua"]
[Result "0-1"]
[WhiteElo "2660"]
[BlackElo "2498"]
[TimeControl "180+2"]
[EndTime "15:17:16 PDT"]
[Termination "fm_magua won by resignation"]

1. e4 c5 2. Ne2 Nc6 3. d4 cxd4 4.
Nxd4 e5 5. Nb5 d6 6. N1c3 a6 7.
Na3 b5 8. Nd5 Nce7 9. c4 Nxd5 10. Qxd5 Be6 11. Qd2 Nf6 12. f3 bxc4 13. Nxc4 d5 14.
exd5 Nxd5 15. a3 Bc5 16. b4 Bd4 17. Bb2 Bxb2 18. Qxb2 O-O 19. Rd1 Rc8 20. Be2 Rxc4 21. Bxc4 Qh4+ 22. g3 Qxc4 23. Kf2 e4 24. fxe4 Qxe4 25.
Rhe1 Qf5+ 26. Kg1 Rc8 27. Qe5 Qf3 28. Rf1 Qe3+ 29. Qxe3 Nxe3 30. Rd6 Nxf1 31. Kxf1 Kf8 32. Kf2 Rc2+ 33. Ke1 Bc4 34. h4 Bb5 35. a4 Bxa4 36. Rxa6 Bc6 37. Kd1 Rc4 38. Rb6 Ke7 39. Kd2 Bd7 40. Kd3 Rg4 0-1

[Event "*** Titled Tuesday Blitz"]
[Site "Chess.com"]
[Date "2019.06.04"]
[Round "10"]
[White "SimonKnightRivendell"]
[Black "oogee"]
[Result "1-0"]
[WhiteElo "2015"]
[BlackElo "2294"]
[TimeControl "180+2"]
[EndTime "15:17:17 PDT"]
[Termination "SimonKnightRivendell won by checkmate"]

1. d4 Nf6 2. c4 g6 3. Nf3 Bg7 4. g3 O-O 5. Bg2 d6 6. Nc3 c6 7. O-O Qa5 8. Bd2 Qh5 9. Ng5 e5 10. Bf3 Bg4 11. Bg2 exd4 12. Nce4 Bxe2 13. Qb3 b5 14.
cxb5 Nxe4 15. Bxe4 h6 16. bxc6 hxg5 17. Qb7 Nxc6 18.
Qxc6 Bxf1 19. Rxf1 Rae8 20. Bd5 Be5 21. Bf3 g4 22. Bg2 Kg7 23. f4 gxf3 24. Bxf3 Qh3 25. Bg2 Qh7 26. Bd5 Rh8 27. Rxf7+ Kg8 28. Qxe8# 1-0

[Event "*** Titled Tuesday Blitz"]
[Site "Chess.com"]
[Date "2019.06.04"]
[Round "10"]
[White "Fighter008"]
[Black "ENEASZ"]
[Result "0-1"]
[WhiteElo "2630"]
[BlackElo "2504"]
[TimeControl "180+2"]
[EndTime "15:17:25 PDT"]
[Termination "ENEASZ won by resignation"]

1. e4 d6 2. d4 Nf6 3. Nc3 e5 4. Nf3 Nbd7 5. Bc4 Be7 6. O-O O-O 7. a4 c6 8. Re1 b6 9. h3 a6 10. Bb3 Rb8 11. Nh4 exd4 12. Qxd4 Nc5 13. Ba2 b5 14. axb5 axb5 15. b4 Ne6 16. Qd3 g6 17. Bh6 Re8 18. Nf3 Nh5 19. Rad1 Bf6 20. Ne2 Be7 21. Ned4 Qb6 22.
Nxe6 Bxe6 23. Bxe6 fxe6 24. Nd4 Bf6 25. Be3 Qc7 26.
Qb3 Ng7 27. c4 Bxd4 28. Bxd4 e5 29. Qb2 exd4 30. Qxd4 Re6 31. f4 Qf7 32. Rf1 Rf6 33. e5 dxe5 34. fxe5 Rxf1+ 35. Rxf1 Qxc4 36. Qd6 Re8 37. Re1 Qd5 38. Qc7 Ne6 39. Qb7 Nf4 0-1

[Event "*** Titled Tuesday Blitz"]
[Site "Chess.com"]
[Date "2019.06.04"]
[Round "10"]
[White "el-reptiliano"]
[Black "Chesska7"]
[Result "0-1"]
[WhiteElo "2195"]
[BlackElo "2167"]
[TimeControl "180+2"]
[EndTime "15:17:30 PDT"]
[Termination "Chesska7 won by resignation"]

1. Nf3 Nf6 2. c4 e6 3. d4 d5 4. Nc3 a6 5. g3 dxc4 6. Bg2 b5 7. O-O Bb7 8. b3 cxb3 9. axb3 Nbd7 10. Bd2 c5 11.
Bh3 Be7 12. dxc5 Nxc5 13. b4 Nce4 14. Nxe4 Nxe4 15. Rb1 Nxd2 16. Qxd2 Qxd2 17. Nxd2 O-O 18. Bg2 Bxg2 19. Kxg2 Rfd8 20. Ne4 Rd4 21. Nc5 Bxc5 22. bxc5 Rc4 23. Rfc1 Rxc1 24. Rxc1 Kf8 25. Kf3 Ke7 26. Ke4 Kd7 27. c6+ Kc7 28. h4 a5 29. h5 h6 30. g4 Ra6 31. Rc5 b4 32. Kd3 a4 33.
Rc4 a3 34. Rc1 b3 35. Kc3 b2 36. Rd1 Rxc6+ 37. Kb3 Rc1 38. Rd7+ 0-1

[Event "*** Titled Tuesday Blitz"]
[Site "Chess.com"]
[Date "2019.06.04"]
[Round "10"]
[White "vugarrasulov"]
[Black "Poghosyan_Suren"]
[Result "1-0"]
[WhiteElo "2757"]
[BlackElo "2558"]
[TimeControl "180+2"]
[EndTime "15:17:37 PDT"]
[Termination "vugarrasulov won by resignation"]

1. e4 e6 2. d4 d5 3. Nd2 Be7 4.
g3 c5 5. Ngf3 cxd4 6. exd5 Qxd5 7. Bg2 Nc6 8. O-O Qd8 9. Re1 Bc5 10. Nb3 Bb6 11. a4 Nge7 12. Bg5 f6 13. Bd2 a5 14. c3 dxc3 15. Bxc3 Qxd1 16. Raxd1 e5 17. Nbd2 Bf5 18. Nc4 Bc7 19. Na3 Rd8 20. Nb5 Bb8 21.
Rxd8+ Kxd8 22. Nd2 Kc8 23. Nc4 Bc7 24. Nxc7 Kxc7 25. Nxa5 Ra8 26. Nxc6 Nxc6 27. a5 Rd8 28. b4 Rd3 29. Rc1 Kb8 30. a6 Bc8 31. b5 Nd4 32. Bxd4 exd4 33. a7+ Kxa7 34. Rxc8 Rd1+ 35. Bf1 d3 36. Rd8 d2 37. Kg2 Kb6 38. Be2 Kc7 39. Rd4 Re1 40. Rxd2 1-0

[Event "*** Titled Tuesday Blitz"]
[Site "Chess.com"]
[Date "2019.06.04"]
[Round "10"]
[White "vinniethepooh"]
[Black "axvesik"]
[Result "0-1"]
[WhiteElo "2557"]
[BlackElo "2421"]
[TimeControl "180+2"]
[EndTime "15:17:42 PDT"]
[Termination "axvesik won on time"]

1. d4 Nf6 2. c4 e6 3. Nc3 Bb4 4. e3 O-O 5. Bd3 d5 6. Nf3 c5 7. cxd5 exd5 8. dxc5 Nc6 9. O-O Bg4 10. Na4 Qe7 11. a3 Ba5 12. Be2 Rad8 13. b4 Bc7 14.
Bb2 Rfe8 15. Nd4 Qe5 16. g3 Qh5 17. Nf3 d4 18. Bxd4 Nxd4 19. Nxd4 Rxd4 20. Bxg4 Nxg4 0-1

[Event "*** Titled Tuesday Blitz"]
[Site "Chess.com"]
[Date "2019.06.04"]
[Round "10"]
[White "saraswathii"]
[Black "Bad4life"]
[Result "0-1"]
[WhiteElo "2292"]
[BlackElo "2435"]
[TimeControl "180+2"]
[EndTime "15:17:42 PDT"]
[Termination "Bad4life won by checkmate"]

1. e4 c5 2. Nf3 d6 3. d3 g6 4. g3 Bg7 5. Bg2 Nc6 6. O-O Bd7 7. c3 Qc8 8. d4 Bh3 9. Be3 h5 10. dxc5 dxc5 11. Bxc5 h4 12. Nxh4 Bxg2 13. Kxg2 Bf6 14. Nf3 Ne5 15. Nxe5 Qh3+ 16. Kf3 Bxe5 17. Qa4+ Kf8 18.
Nd2 Nf6 19. Ke2 Qg4+ 20. f3 Rxh2+ 21. Rf2 Qxg3 22. Nf1 Rxf2+ 23. Bxf2 Qh3 24. Rd1 Nh5 25. Qd7 Nf4+ 26. Ke3 Ne6 27. Qxb7 Rb8 28. Qxa7 Qh6+ 29. Ke2 Nf4+ 30. Ke1 Ng2+ 31. Ke2 Rxb2+ 32. Kd3 Nf4+ 33.
Kc4 g5 34. Rd8+ Kg7 35. Qxe7 Qa6+ 36. Kc5 Qb5# 0-1

[Event "*** Titled Tuesday Blitz"]
[Site "Chess.com"]
[Date "2019.06.04"]
[Round "10"]
[White "hellokostya"]
[Black "lachesisQ"]
[Result "0-1"]
[WhiteElo "2539"]
[BlackElo "3043"]
[TimeControl "180+2"]
[EndTime "15:17:48 PDT"]
[Termination "lachesisQ won by resignation"]

1. d4 d5 2. c4 e5 3. dxe5 d4 4.
Nf3 Nc6 5. a3 Bg4 6. Nbd2 Qe7 7.
Qa4 O-O-O 8. b4 Kb8 9. h3 Bxf3 10. Nxf3 Nxe5 11. Nxe5 Qxe5 12. Bb2 Nf6 13. g3 Qe4 14. Rg1 d3 15. O-O-O Qxc4+ 16. Kb1 b5 17. Qa6 Rd6 18. exd3 Qb3 19. Qxb5+ Rb6 20. Qxb6+ axb6 21. Bg2 Nd5 22. Rc1 Bxb4 23. axb4 Qxd3+ 24. Ka1 Qa6+ 25. Kb1 Nxb4 26. Rc3 Qa2+ 27. Kc1 Rd8 28. Re1 Qa5 29. Re7 Na2+ 30.
Kc2 Nxc3 31. Bxc3 Qa2+ 32. Bb2 Qc4+ 0-1

[Event "*** Titled Tuesday Blitz"]
[Site "Chess.com"]
[Date "2019.06.04"]
[Round "10"]
[White "nrvisakh"]
[Black "Ambitiousresolutions"]
[Result "1-0"]
[WhiteElo "2745"]
[BlackElo "2609"]
[TimeControl "180+2"]
[EndTime "15:17:52 PDT"]
[Termination "nrvisakh won by resignation"]

1. e4 e5 2. Nf3 Nc6 3. c3 Nf6 4. d4 Nxe4 5. d5 Bc5 6. dxc6 Nxf2 7. Qd5 Nxh1 8. Qxc5 bxc6 9. Qxe5+ Qe7 10. Qxe7+ Kxe7 11.
g3 c5 12. Bg2 Nxg3 13. hxg3 Bb7 14. Na3 d6 15. Kf2 a6 16. Bf4 Rae8 17. Nc4 Kd8 18. Ng5 Bxg2 19. Nxf7+ Ke7 20. Nxh8 Bd5 21. Re1+ Be6 22. Ne3 Rxh8 23. c4 Kd7 24. b3 a5 25. Nd5 a4 26. Nxc7 Bf7 27. Nb5 axb3 28. axb3 d5 29. Bd6 dxc4 30. Re7+ Kc6 31. Rxf7 Kxb5 32.
bxc4+ Kxc4 33. Rxg7 Kd5 34. Bf4 h5 35. Rg5+ Kc6 36. Be3 h4 37. g4 h3 38. Rxc5+ Kd6 39. Rc1 h2 40. Rh1 1-0

[Event "*** Titled Tuesday Blitz"]
[Site "Chess.com"]
[Date "2019.06.04"]
[Round "10"]
[White "Blitzstream"]
[Black "Sebastian"]
[Result "0-1"]
[WhiteElo "2699"]
[BlackElo "2869"]
[TimeControl "180+2"]
[EndTime "15:18:09 PDT"]
[Termination "Sebastian won on time"]

1. d4 Nf6 2. Bg5 d5 3. e3 c6 4. c3 Bg4 5. Qb3 Qb6 6. Nd2 Nbd7 7. Bd3 e6 8. Ne2 Bh5 9. Nf4 Bg6 10. Nxg6 hxg6 11. h3 Bd6 12. e4 dxe4 13. Nxe4 Nxe4 14. Bxe4 Qc7 15. O-O Nf6 16. Bf3 O-O-O 17. c4 Bf4 18. Bxf6 gxf6 19. d5 exd5 20. cxd5 c5 21. Qc4 Rh4 22.
Kh1 Rdh8 23. b4 Be5 24. Qxc5 Bxa1 25. Rxa1 b6 26. Qe3 Qe5 27. Rc1+ Kb8 28. Qd3 Qg5 0-1